 Dungeon Crawl Stone Soup version 0.20.1-1-g8b1a95d (webtiles) character file.

48 slep the Skirmisher (level 3, 0/30 HPs)
             Began as a Demonspawn Abyssal Knight on Oct 29, 2017.
             Was a Follower of Lugonu.
             Slain by a gnoll
             ... wielding a +0 spear
              (6 damage)
             ... on level 2 of the Dungeon.
             The game lasted 00:04:12 (1034 turns).

slep the Skirmisher (Demonspawn Abyssal Knight)     Turns: 1034, Time: 00:04:12

Health: 0/30       AC:  3    Str: 12    XL:     3   Next: 50%
Magic:  13/13      EV: 11    Int: 13    God:    Lugonu [*.....]
Gold:   107        SH:  0    Dex: 13    Spells: 2/2 levels left

rFire    . . .     SeeInvis .   a - +1 falchion
rCold    . . .     Gourm    .   (no shield)
rNeg     . . .     Faith    .   b - +0 leather armour
rPois    .         Spirit   .   (no helmet)
rElec    .         Reflect  .   (no cloak)
rCorr    .         Harm     .   (no gloves)
MR       +....                  (no boots)
Stlth    +.........             (no amulet)
Regen    0.1/turn               d - ring of magical power
MPRegen  0.2/turn               f - ring of protection from magic

@: no status effects
A: claws 1
a: Depart the Abyss, Renounce Religion


You were on level 2 of the Dungeon.
You worshipped Lugonu.
Lugonu was aware of your devotion.
You were hungry.

You visited 1 branch of the dungeon, and saw 2 of its levels.
You visited the Abyss 1 time.

You collected 107 gold pieces.

Inventory:

Hand Weapons
 a - a +1 falchion (weapon)
Armour
 b - a +0 leather armour (worn)
Jewellery
 d - a ring of magical power (left claw)
 f - a ring of protection from magic (right claw)
Scrolls
 e - 3 scrolls of identify {unknown}
 g - a scroll of enchant armour {unknown}
 h - a scroll of teleportation {unknown}
 i - a scroll of enchant weapon {unknown}
 l - a scroll of immolation {unknown}
Potions
 k - a potion of mutation {unknown}
Comestibles
 c - a bread ration
 j - 4 chunks of flesh


   Skills:
 + Level 3.8 Fighting
 + Level 2.2 Long Blades
 + Level 2.2 Armour
 + Level 1.0 Dodging
 + Level 2.5 Invocations


You had 2 spell levels left.
You didn't know any spells.

Dungeon Overview and Level Annotations

Branches:
Dungeon (2/15)

Altars:
Gozag


Innate Abilities, Weirdness & Mutations

You have sharp fingernails.


Message History

The kobold closely misses you.
You riposte.
You completely miss the kobold.
The kobold is severely wounded.
The gnoll misses you. The kobold hits you.
You hit the kobold.
You kill the kobold!
Lugonu accepts your kill.
You closely miss the gnoll. The gnoll hits you with a club.
The gnoll hits you from afar with a spear!
* * * LOW HITPOINT WARNING * * *
You hit the gnoll but do no damage.
The gnoll hits you from afar with a spear.
* * * LOW HITPOINT WARNING * * *
The gnoll barely misses you.
The gnoll hits you from afar with a spear.
* * * LOW HITPOINT WARNING * * *
You hit the gnoll.
The gnoll is lightly wounded.
The gnoll barely misses you.
The gnoll hits you from afar with a spear.
You die...

....... ...
.....#.####.# #.#.#.
.........##.####....
.........##........#
.....g...##..###..##
.......(g##........#
.........##.#......#
........g##.#.#..#######
........ggg@............
##
.....!..g##.#.#..#######
..
##########......).......
. #..##...#######
#..##...########.
...................
###########..#########
#..............>.......
#.####..........##.###.


You could see 4 gnolls and a goblin.

Vanquished Creatures
  An adder (D:2)
  An ooze (D:2)
  A worm (D:2)
  2 leopard geckos (D:1)
  3 giant cockroaches
  2 goblins
  6 hobgoblins
  5 kobolds
  A quokka (D:2)
  A ball python (D:1)
  3 frilled lizards
  3 rats
29 creatures vanquished.

Notes
Turn   | Place    | Note
-------+----------+-------------------------------------------
     0 | Abyss:1  | slep the Demonspawn Abyssal Knight began the quest for the Orb.
     0 | Abyss:1  | Reached XP level 1. HP: 18/18 MP: 2/2
    68 | Abyss:1  | Found a corrupted altar of Lugonu.
    95 | Abyss:1  | Noticed an iron imp
    96 | Abyss:1  | Noticed a large abomination
   103 | Abyss:1  | Noticed a small abomination
   106 | D:1      | Escaped the Abyss
   265 | D:1      | Reached skill level 1 in Dodging
   280 | D:1      | Gained mutation: You have sharp fingernails. [demonic ancestry]
   280 | D:1      | Reached XP level 2. HP: 17/24 MP: 3/3
   302 | D:1      | Reached * piety under Lugonu
   770 | D:2      | Found an opulent altar of Gozag.
   836 | D:2      | Reached XP level 3. HP: 25/29 MP: 4/4
  1034 | D:2      | Slain by a gnoll

Skill      XL: |  1  2 |
---------------+-------+-----
Long Blades    | 2 |  2.2
Dodging        | 1 |  1.0
Armour         | 2 |  2.2
Fighting       | |  3.8
Invocations    | |  2.5

Action                   || total
-------------------------++-------
Melee: Falchion          ||    85
Invok: Depart the Abyss  ||     1
Armor: Leather armour    ||    10
Dodge: Dodged            ||    50
       Rpst.: Falchion   ||    14
